Map: Odyssey LE

Players

SamuraiFunn

  • Race: Protoss Protoss
  • League: Platinum
  • Spawn Location: 11:00

xDJxDizzyxDx - Winner!

  • Race: Zerg Zerg
  • Spawn Location: 5:00

VOD

Have the link to the VOD?

Description

Time

  • Played on: Nov. 25, 2017, 7:54 p.m.
  • Length: 7:00
Show
View Real Time Build Order
Export as new Build Order

SamuraiFunn Protoss 

Build Orders: 1 Gate Expand 

Get SALT Encoding   

  12  0:01  Probe  
  13  0:13  Probe  
  14  0:19  Pylon  
  14  0:25  Probe  
  15  0:40  Gateway  
  15  0:48  Probe (Chrono Boost)  
  17  1:00  Probe (Chrono Boost)  
  17  1:02  Probe  
  18  1:17  Nexus  
  20  1:32  Zealot (Chrono Boost)  
  20  1:36  Pylon  
  20  1:43  Cybernetics Core  
  20  1:54  Assimilator  
  20  1:56  Probe  
  21  2:08  Gateway  
  21  2:11  Probe  
  22  2:33  Probe  
  23  2:46  Assimilator  
  23  2:56  Zealot x2  
  25  3:12  Forge  
  25  3:17  Gateway  
  25  3:19  Gateway  
  19  3:36  Probe  
  19  3:38  Probe  
  21  3:46  Warp Gate (Chrono Boost)  
  21  3:48  Probe  
  22  3:50  Probe  
  23  4:00  Probe  
  24  4:13  Adept (Chrono Boost)  
  24  4:14  Adept x2 (Chrono Boost)  
  24  4:15  Adept (Chrono Boost)  
  32  4:22  Probe x2  
  32  4:38  Pylon  
  18  5:01  Probe x2  
  20  5:13  Probe x2  
  22  5:25  Probe  
  22  5:26  Probe  
  24  5:38  Probe  
  24  5:39  Probe  
  26  5:50  Probe  
  26  5:51  Probe  
  28  6:00  Adept  
  28  6:01  Adept  
  32  6:04  Probe x2  
  34  6:13  Stalker  
  30  6:32  Stalker  
  30  6:33  Stalker  
  28  6:43  Zealot x2  
Show
View Real Time Build Order
Export as new Build Order

xDJxDizzyxDx Zerg - Winner!

Build Orders: Pool First 

Get SALT Encoding   

  12  0:01  Drone  
  13  0:13  Overlord  
  13  0:18  Drone  
  14  0:25  Drone, Extractor  
  14  0:32  Drone  
  15  0:45  Spawning Pool  
  14  0:53  Drone x2  
  16  1:07  Drone  
  17  1:31  Zergling x4  
  17  1:32  Zergling x2  
  20  1:38  Queen  
  22  2:00  Overlord  
  22  2:17  Lair  
  22  2:53  Drone  
  22  2:54  Drone  
  22  2:57  Extractor  
  21  3:31  Hydralisk Den  
  21  3:32  Zergling x10  
  21  3:33  Zergling x2  
  25  4:00  Hydralisk x2  
  29  4:04  Overlord  
  29  4:08  Drone  
  30  4:11  Burrow  
  30  4:14  Metabolic Boost  
  26  5:05  Hydralisk x3  
  26  5:06  Hydralisk x2  
  34  5:35  Zergling x2  
  34  5:36  Zergling x4  
  36  5:46  Zergling x2  
  36  5:47  Zergling x2  
  36  5:48  Overlord  
  27  6:48  Hatchery  
Tags
 
Add a new tag
Caveats
  • Supply blocks, unpowered buildings, or Contaminate may cause inaccurate times.
  • Supply counts are checked every 10 seconds.